 Dungeon Crawl Stone Soup version 0.26-a0-651-gb41185065b (webtiles) character file.

Game seed: 6294850486291675022

4009 loralnil the Martial Artist (level 10, -24/91 HPs)
             Began as a Gnoll Transmuter on Oct 23, 2020.
             Was a Believer of Cheibriados.
             Annihilated by a two-headed ogre
             ... wielding a +0 giant club
              (31 damage)
             ... on level 8 of the Dungeon.
             The game lasted 00:13:57 (7673 turns).

loralnil the Martial Artist (Gnoll Transmuter)      Turns: 7673, Time: 00:13:58

Health: -24/91     AC: 10    Str: 17    XL:     10   Next: 23%
Magic:  3/20       EV: 15    Int: 21    God:    Cheibriados [**....]
Gold:   622        SH:  0    Dex: 24    Spells: 9/23 levels left

rFire    x . .     SeeInvis .     - Unarmed
rCold    + + +     Faith    .   (shield currently unavailable)
rNeg     . . .     Spirit   .   (armour currently unavailable)
rPois    +         Reflect  .   (helmet currently unavailable)
rElec    .         Harm     .   (cloak currently unavailable)
rCorr    .         Rampage  .   (gloves currently unavailable)
MR       .....                  (boots currently unavailable)
Stlth    +++.......             D - amulet of the acrobat
HPRegen  0.25/turn              l - +4 ring of protection
MPRegen  0.17/turn              L - ring of protection from cold

@: ice-form, drained, very slow
A: large, distributed training, strong nose
a: End Transformation, Bend Time, Renounce Religion


You were on level 8 of the Dungeon.
You worshipped Cheibriados.
Cheibriados was pleased with you.
You were a creature of crystalline ice.
You visited 2 branches of the dungeon, and saw 9 of its levels.

You collected 622 gold pieces.

Inventory:

Hand Weapons
 y - the +11 mace "Xigiupra" {vorpal, *Drain Fragile Str+10, unknown}
   (You found it on level 4 of the Dungeon)

   It inflicts extra damage upon your enemies.
   It affects your strength (+10).
   It causes draining when unequipped.
   It will be destroyed if unequipped.
Armour
 e - a +2 pair of gloves (melded)
 s - a +0 pair of boots (melded)
 C - a +2 cloak (melded)
 J - a +2 robe of resistance (melded)
Jewellery
 d - an uncursed ring of resist corrosion
 l - a +4 ring of protection (left front paw)
 m - an uncursed ring of see invisible
 r - an uncursed ring of positive energy
 u - an uncursed ring of poison resistance
 B - an uncursed ring of flight
 D - an amulet of the acrobat (around neck)
 L - a ring of protection from cold (right front paw)
Wands
 t - a wand of acid (13)
 v - a wand of polymorph (7)
 w - a wand of paralysis (9)
 A - a wand of enslavement (14)
 E - a wand of flame (9)
 F - a wand of digging (2)
Scrolls
 h - a scroll of amnesia
 i - 2 scrolls of immolation
 j - a scroll of fog
 n - a scroll of blinking
 o - 6 scrolls of teleportation
 p - a scroll of fear {unknown}
 q - 2 scrolls of enchant weapon {unknown}
 x - 4 scrolls of remove curse
 I - a scroll of magic mapping {unknown}
 K - a scroll of vulnerability {unknown}
 M - a scroll of torment {unknown}
Potions
 a - 2 potions of stabbing
 b - 3 potions of flight
 c - a potion of mutation
 f - a potion of lignification
 g - 3 potions of brilliance
 k - 3 potions of magic
 z - a potion of heal wounds {unknown}
 G - 3 potions of curing
 H - 2 potions of might {unknown}


   Skills:
 + Level 5.7(5.0) Fighting
 + Level 5.1(4.4) Short Blades
 + Level 5.1(4.4) Long Blades
 + Level 5.1(4.4) Axes
 + Level 5.1(4.4) Maces & Flails
 + Level 5.1(4.4) Polearms
 + Level 5.1(4.4) Staves
 + Level 5.1(4.4) Slings
 + Level 5.1(4.4) Bows
 + Level 5.1(4.4) Crossbows
 + Level 5.1(4.4) Throwing
 + Level 5.1(4.4) Armour
 + Level 6.9(6.2) Dodging
 + Level 5.1(4.4) Stealth
 + Level 5.1(4.4) Shields
 + Level 8.4(7.6) Unarmed Combat
 + Level 7.2(6.5) Spellcasting
 + Level 4.2(3.5) Conjurations
 + Level 4.2(3.5) Hexes
 + Level 4.2(3.5) Summonings
 + Level 4.2(3.5) Necromancy
 + Level 4.2(3.5) Translocations
 + Level 5.7(5.0) Transmutations
 + Level 4.2(3.5) Fire Magic
 + Level 4.2(3.5) Ice Magic
 + Level 4.2(3.5) Air Magic
 + Level 4.2(3.5) Earth Magic
 + Level 4.2(3.5) Poison Magic
 + Level 5.6(4.9) Invocations
 + Level 5.1(4.4) Evocations


You had 9 spell levels left.
You knew the following spells:

 Your Spells              Type           Power        Failure   Level
a - Beastly Appendage     Tmut           ####..       1%          1
b - Wereblood             Tmut           ####....     1%          2
c - Spider Form           Tmut/Pois      ###.......   4%          3
d - Ice Form              Ice/Tmut       ###.....     16%         4
e - Petrify               Tmut/Erth      ###.....     16%         4

Your spell library contained the following spells:

 Spells                   Type           Power        Failure   Level
 Sandblast                Erth           ###...       2%          1
 Passwall                 Tmut/Erth      ###.....     2%          2
 Confusing Touch          Hex            ###.....     7%          3
 Gell's Gravitas          Tloc           ###.......   7%          3
 Stone Arrow              Conj/Erth      ###...       7%          3
 Blade Hands              Tmut           ####......   32%         5
 Yara's Violent Unravell  Hex/Tmut       ###.......   41%         5
 Lee's Rapid Deconstruct  Erth           ###.......   52%         5
 Metabolic Englaciation   Hex/Ice        ###.......   52%         5


Dungeon Overview and Level Annotations

Branches:
Dungeon (8/15)             Temple (1/1) D:5
   Lair: D:8-11

Altars:
Ashenzari
Cheibriados
Dithmenos
Elyvilon
Fedhas
Gozag
Hepliaklqana
Kikubaaqudgha
Makhleb
Nemelex Xobeh
Okawaru
Qazlal
Ru
Sif Muna
Trog
Uskayaw
Vehumet
Wu Jian
Xom
Yredelemnul
Zin
The Shining One

Shops:
D:7 [


Innate Abilities, Weirdness & Mutations

Your experience applies equally to all skills.
((You have very sharp teeth.))
Your uncanny sense of smell can sniff out nearby items.


Message History

Press: ? - help, Shift-Dir - straight line, f - two-headed ogre
Aim: a two-headed ogre, wielding a +0 giant club and a +0 giant spiked club (translocational energy, chance to defeat MR: 36%)
The two-headed ogre easily resists.
Casting: Petrify (dangerous; 16% risk of failure)
Confirm with . or Enter, or press ? or * to list all spells.
Aiming: Petrify (dangerous; 16% risk of failure)
Press: ? - help, Shift-Dir - straight line, f/p - two-headed ogre
Aim: a two-headed ogre, wielding a +0 giant club and a +0 giant spiked club (chance to defeat MR: 36%)
The two-headed ogre easily resists.
The two-headed ogre completely misses you.
The two-headed ogre hits you with a +0 giant spiked club!!
* * * LOW HITPOINT WARNING * * *
You punch the two-headed ogre! You freeze the two-headed ogre.
The two-headed ogre is lightly wounded.
You hit the two-headed ogre but do no damage.
The two-headed ogre is lightly wounded.
The two-headed ogre hits you with a +0 giant club!!
* * * LOW HITPOINT WARNING * * *
The two-headed ogre hits you with a +0 giant spiked club!!
You die...

.z. #n# #o#
#.# #.# #>#
#.# #.#
#.#####.#
#.).o##.#
####O##.#
#Y##.#
#.#######.##.#
#..........<.#
#########.####
#.# ########.#
.......).#
##########


You could see a two-headed ogre and an orc priest.

Vanquished Creatures
  Pikel (D:4)
  Maggie (D:6)
  2 hippogriffs
  Sigmund (D:6)
  Eustachio (D:5)
  Edmund (D:4)
  Duvessa (D:6)
  2 sky beasts
  An ice beast (D:7)
  Purgy (D:4)
  3 centaurs
  2 ogres
  A lemure (D:4)
  3 big kobolds
  4 bullfrogs
  2 scorpions (D:6)
  Dowan (D:6)
  4 wights
  3 bullfrog zombies
  2 jellies (D:3)
  5 hounds
  A centaur skeleton (D:7)
  A bullfrog skeleton (D:7)
  3 orc wizards
  Crazy Yiuf (D:4)
  2 iguanas (D:4)
  Ijyb (D:5)
  A worker ant (D:4)
  Natasha (thrice) (D:2)
  A hound zombie (D:6)
  A hound skeleton (D:4)
  11 adders
  A white imp (D:7)
  3 oozes
  An adder skeleton (D:4)
  A worm (D:2)
  3 dart slugs (D:1)
  3 leopard geckos
  4 orcs (D:7)
  8 giant cockroaches
  6 goblins
  6 hobgoblins
  8 jackals
  A quokka (D:7)
  2 ball pythons
  6 bats
  5 frilled lizards
  12 kobolds
  A leopard gecko skeleton (D:4)
  11 rats
150 creatures vanquished.

Vanquished Creatures (others)
  A white imp (D:7)
1 creature vanquished.

Grand Total: 151 creatures vanquished

Notes
Turn   | Place    | Note
-------+----------+-------------------------------------------
     0 | D:1      | loralnil the Gnoll Transmuter began the quest for the Orb.
     0 | D:1      | Reached XP level 1. HP: 17/17 MP: 6/6
   217 | D:1      | Reached XP level 2. HP: 13/23 MP: 7/7
   650 | D:1      | Reached XP level 3. HP: 28/28 MP: 7/9
   654 | D:1      | Learned a level 2 spell: Wereblood
   658 | D:1      | Learned a level 3 spell: Spider Form
   685 | D:1      | Reached skill level 5 in Spellcasting
  1072 | D:2      | Reached skill level 1 in Invocations
  1220 | D:2      | Found a sparkling altar of Nemelex Xobeh.
  1249 | D:2      | Reached skill level 1 in Short Blades
  1249 | D:2      | Reached skill level 1 in Long Blades
  1249 | D:2      | Reached skill level 1 in Axes
  1249 | D:2      | Reached skill level 1 in Maces & Flails
  1249 | D:2      | Reached skill level 1 in Polearms
  1249 | D:2      | Reached skill level 1 in Staves
  1249 | D:2      | Reached skill level 1 in Slings
  1249 | D:2      | Reached skill level 1 in Bows
  1249 | D:2      | Reached skill level 1 in Crossbows
  1249 | D:2      | Reached skill level 1 in Throwing
  1249 | D:2      | Reached skill level 1 in Armour
  1249 | D:2      | Reached skill level 1 in Stealth
  1249 | D:2      | Reached skill level 1 in Shields
  1249 | D:2      | Reached skill level 1 in Evocations
  1375 | D:2      | Reached XP level 4. HP: 25/34 MP: 11/11
  1487 | D:2      | Noticed Natasha
  1494 | D:2      | Killed Natasha
  1494 | D:2      | Reached skill level 1 in Conjurations
  1494 | D:2      | Reached skill level 1 in Hexes
  1494 | D:2      | Reached skill level 1 in Summonings
  1494 | D:2      | Reached skill level 1 in Necromancy
  1494 | D:2      | Reached skill level 1 in Translocations
  1494 | D:2      | Reached skill level 1 in Fire Magic
  1494 | D:2      | Reached skill level 1 in Ice Magic
  1494 | D:2      | Reached skill level 1 in Air Magic
  1494 | D:2      | Reached skill level 1 in Earth Magic
  1494 | D:2      | Reached skill level 1 in Poison Magic
  1653 | D:2      | Noticed Natasha
  1689 | D:2      | Killed Natasha
  1689 | D:2      | Reached XP level 5. HP: 16/40 MP: 10/12
  1904 | D:2      | Noticed Natasha
  1913 | D:2      | Killed Natasha
  2631 | D:3      | Noticed a centaur
  2641 | D:3      | Killed a centaur
  2641 | D:3      | Reached XP level 6. HP: 27/47 MP: 11/14
  2812 | D:3      | Learned a level 4 spell: Ice Form
  2844 | D:3      | Reached skill level 5 in Dodging
  3445 | D:3      | Reached XP level 7. HP: 24/52 MP: 9/15
  3825 | D:4      | Learned a level 4 spell: Petrify
  3835 | D:4      | Reached skill level 7 in Unarmed Combat
  3939 | D:4      | Noticed Edmund
  3950 | D:4      | Killed Edmund
  4090 | D:4      | Noticed Purgy
  4101 | D:4      | Killed Purgy
  4275 | D:4      | Noticed Pikel
  4279 | D:4      | Reached XP level 8. HP: 60/60 MP: 12/16
  4287 | D:4      | Killed Pikel
  4470 | D:4      | Got a polished mace
  4475 | D:4      | Found a runed translucent door.
  4476 | D:4      | Noticed Crazy Yiuf
  4751 | D:4      | Killed Crazy Yiuf
  4834 | D:5      | Entered Level 5 of the Dungeon
  4839 | D:5      | Found a staircase to the Ecumenical Temple.
  4852 | Temple   | Entered the Ecumenical Temple
  4886 | Temple   | Became a worshipper of Cheibriados the Contemplative
  4935 | D:5      | Found a radiant altar of Vehumet.
  4946 | D:5      | Noticed Eustachio
  4956 | D:5      | Killed Eustachio
  5105 | D:5      | Noticed Ijyb
  5111 | D:5      | Killed Ijyb
  5172 | D:5      | Found a glowing silver altar of Zin.
  5228 | D:5      | Noticed a hippogriff
  5240 | D:5      | Killed a hippogriff
  5240 | D:5      | Reached skill level 5 in Transmutations
  5240 | D:5      | Reached XP level 9. HP: 51/66 MP: 15/18
  5917 | D:6      | Noticed Sigmund
  5919 | D:6      | Reached * piety under Cheibriados
  5929 | D:6      | Killed Sigmund
  5929 | D:6      | Reached skill level 5 in Fighting
  6125 | D:6      | Noticed Dowan
  6130 | D:6      | Killed Dowan
  6131 | D:6      | Noticed Duvessa
  6135 | D:6      | Killed Duvessa
  6268 | D:6      | Reached skill level 8 in Unarmed Combat
  6720 | D:7      | Reached skill level 5 in Invocations
  6835 | D:7      | Noticed Maggie
  6857 | D:6      | Killed Maggie
  6857 | D:6      | Reached XP level 10. HP: 24/74 MP: 20/20
  7291 | D:7      | Reached ** piety under Cheibriados
  7383 | D:7      | Found Hohustuo's Antique Armour Shop.
  7390 | D:7      | Reached skill level 5 in Short Blades
  7390 | D:7      | Reached skill level 5 in Long Blades
  7390 | D:7      | Reached skill level 5 in Axes
  7390 | D:7      | Reached skill level 5 in Maces & Flails
  7390 | D:7      | Reached skill level 5 in Polearms
  7390 | D:7      | Reached skill level 5 in Staves
  7390 | D:7      | Reached skill level 5 in Slings
  7390 | D:7      | Reached skill level 5 in Bows
  7390 | D:7      | Reached skill level 5 in Crossbows
  7390 | D:7      | Reached skill level 5 in Throwing
  7390 | D:7      | Reached skill level 5 in Armour
  7390 | D:7      | Reached skill level 5 in Stealth
  7390 | D:7      | Reached skill level 5 in Shields
  7390 | D:7      | Reached skill level 5 in Evocations
  7654 | D:8      | Noticed a two-headed ogre
  7673 | D:8      | Annihilated by a two-headed ogre

Illustrated notes

Levels and vault maps discovered:
D:1:      lemuel_arrival_muddy, layout_basic
D:2:      layout_basic, old_standard_altar, uniq_natasha
D:3:      cheibrodos_thug_alley, layout_loops_ring
D:4:      layout_loops_ring, roderic_malta_cross, uniq_crazy_yiuf_cottage,
          uniq_purgy, uniq_edmund, uniq_pikel
D:5:      layout_basic, minmay_temple_entry_tees, basic_altar,
          lemuel_altar_in_water, uniq_eustachio, uniq_ijyb
D:6:      layout_loops_ring, dk_noncrumbling_3, uniq_sigmund, uniq_duvessa
D:7:      layout_rooms, serial_shops, shop_coins, nrook_uturn, uniq_maggie
D:8:      layout_loops_ring, serial_undead, serial_undead_a, serial_undead_d,
          serial_undead_d, serial_undead_f
Temple:   nicolae_temple_the_god_donut

Skill      XL: |  1  2  3  4  5  6  7  8  9 10 |
---------------+-------------------------------+-----
Spellcasting   | 5 6 7 |  7.2
Invocations    | 1 2 3 4 5 |  5.6
Short Blades   | 1 2 3 4 5 |  5.1
Long Blades    | 1 2 3 4 5 |  5.1
Axes           | 1 2 3 4 5 |  5.1
Maces & Flails | 1 2 3 4 5 |  5.1
Polearms       | 1 2 3 4 5 |  5.1
Staves         | 1 2 3 4 5 |  5.1
Slings         | 1 2 3 4 5 |  5.1
Bows           | 1 2 3 4 5 |  5.1
Crossbows      | 1 2 3 4 5 |  5.1
Throwing       | 1 2 3 4 5 |  5.1
Armour         | 1 2 3 4 5 |  5.1
Stealth        | 1 2 3 4 5 |  5.1
Shields        | 1 2 3 4 5 |  5.1
Evocations     | 1 2 3 4 5 |  5.1
Conjurations   | 1 2 3 4 |  4.2
Hexes          | 1 2 3 4 |  4.2
Summonings     | 1 2 3 4 |  4.2
Necromancy     | 1 2 3 4 |  4.2
Translocations | 1 2 3 4 |  4.2
Fire Magic     | 1 2 3 4 |  4.2
Ice Magic      | 1 2 3 4 |  4.2
Air Magic      | 1 2 3 4 |  4.2
Earth Magic    | 1 2 3 4 |  4.2
Poison Magic   | 1 2 3 4 |  4.2
Fighting       | 3 4 5 |  5.7
Transmutations | 4 5 |  5.7
Dodging        | 5 6 |  6.9
Unarmed Combat | 7 8 |  8.4

Action                   |  1- 3 |  4- 6 |  7- 9 | 10-12 || total
-------------------------+-------+-------+-------+-------++-------
Melee: Unarmed           |    76 |   102 |   187 |    75 ||   440
       Kick              |    13 |    19 |     6 |       ||    38
       Headbutt          |    12 |    14 |     6 |       ||    32
       Bite              |     3 |     8 |     3 |       ||    14
       Punch             |     1 |     2 |     2 |       ||     5
 Cast: Beastly Appendage |    23 |    22 |    11 |       ||    56
       Spider Form       |       |     3 |    10 |       ||    13
       Wereblood         |       |       |     1 |       ||     1
       Ice Form          |       |       |    14 |     6 ||    20
       Petrify           |       |       |       |     4 ||     4
  Use: Scroll            |     5 |     8 |     3 |     2 ||    18
 Stab: Sleeping          |     3 |     3 |     9 |     1 ||    16
Armor: Robe              |    30 |    14 |    10 |     3 ||    57
       Skin              |       |     1 |    23 |    14 ||    38
Dodge: Dodged            |    61 |    72 |   165 |    67 ||   365

Table legend: (Time is in decaauts)
 A = Elapsed time spent in this place.
 B = Non-inter-level travel time spent in this place.
 C = Inter-level travel time spent in this place.
 D = Time resting spent in this place.
 E = Time spent auto-exploring this place.
 F = Levels seen in this place.
 G = Mean time per level.
                   A        B        C        D        E       F      G
               +--------+--------+--------+--------+--------+-----+--------+
         Total |   8210 |   7979 |    231 |    376 |   6250 |   9 |  912.2 |
       Dungeon |   8157 |   7926 |    231 |    376 |   6218 |   8 | 1019.6 |
        Temple |     52 |     52 |      0 |      0 |     32 |   1 |   52.0 |
               +--------+--------+--------+--------+--------+-----+--------+

Top non-repeatable levels by time:
     D:6: 1664 daAuts
     D:2: 1480 daAuts
     D:3: 1341 daAuts
     D:4: 1009 daAuts
     D:1: 990 daAuts
     D:7: 889 daAuts
     D:5: 706 daAuts
     D:8: 76 daAuts
  Temple: 52 daAuts
